AoeStats
← DS_Kvothe

Arabia

509352631Analyzed
1v1 RM · 5d ago on Sep 26, 2026· 29m 59s· 2 players
Game mode
Random Map
Map size
Tiny (2 player)
Population
200
Speed
Normal
Resources
Standard
Victory
Conquest
Starting age
Dark Age
Ending age
Imperial Age
RankedLock teamsTeams togetherTeam positionsShared explorationLock speedFull tech treeHidden civsTurbo modeCheats
Victory
Defeat
🇩🇰 Chinese · Denmark
1970
+13
🇦🇷 Portuguese · Argentina
1900
-13
DS_Kvothe
7:01 Loom
9:28 Feudal Age
7:43 Loom
10:11 Double-Bit Axe
10:33 Horse Collar
16:15 Wheelbarrow
17:08 Gold Mining
19:27 Castle Age
18:11 Fletching
20:22 Bodkin Arrow
20:27 Padded Archer Armor
20:47 Bow Saw
20:56 Bow Saw
20:41 Elite Skirmisher
21:52 Padded Archer Armor
23:16 Town Watch
26:18 Guard Tower
elbanovic
0:26 Loom
10:01 Feudal Age
10:28 Double-Bit Axe
10:44 Horse Collar
18:38 Castle Age
17:15 Fletching
17:19 Gold Mining
19:15 Bodkin Arrow
18:40 Crossbowman
19:34 Bow Saw
20:24 Padded Archer Armor
22:59 Wheelbarrow
23:45 Town Watch
29:47 Imperial Age
28:25 Ballistics
30:35 Bracer
Connection lost

Rejoining the realm…

Still unreachable

The connection could not be restored.

Session expired

The server has moved on; the page needs a fresh start.